 Dungeon Crawl Stone Soup version 0.30-a0-618-gd6c86c23d0 (webtiles) character file.

Game seed: 7510098942479614076

2015 bmack86 the Fighter (level 9, -2/82 HPs)
             Began as a Minotaur Fighter on Jan 9, 2023.
             Killed from afar by an electric eel (14 damage)
             ... with a bolt of electricity
             ... on level 7 of the Dungeon.
             The game lasted 00:12:33 (5130 turns).

bmack86 the Fighter (Minotaur Fighter)              Turns: 5130, Time: 00:12:34

Health: -2/82      AC: 14    Str: 25    XL:     9   Next: 2%
Magic:  8/8        EV:  6    Int:  5    God:
Gold:   342        SH:  5    Dex: 10    Spells: 8/8 levels left

rFire   . . .      SeeInvis .    a - +0 war axe (vamp)
rCold   . . .      Faith    .    c - +0 buckler
rNeg    . . .      Spirit   .    A - +0 plate armour
rPois   .          Reflect  .    (helmet restricted)
rElec   .          Harm     .    (no cloak)
rCorr   +          Rampage  .    j - +0 pair of gloves
Will    .....                    (no boots) Stlth
                                 C - amulet of regeneration
HPRegen 1.13/turn                f - ring of resist corrosion
MPRegen 0.11/turn                q - ring of flight

@: flying
A: horns 2, retaliatory headbutt
a: no special abilities


You were on level 7 of the Dungeon.
You visited 2 branches of the dungeon, and saw 8 of its levels.

You collected 342 gold pieces.

Inventory:

Hand Weapons
 a - a +0 vampiric war axe (weapon)
 u - a +0 battleaxe
Missiles
 h - 4 boomerangs (quivered)
 o - 4 atropa-tipped darts
 y - 7 poisoned darts
Armour
 c - a +0 buckler (worn)
 j - a +0 pair of gloves (worn)
 A - a +0 plate armour (worn)
Jewellery
 f - a ring of resist corrosion (left hand)
 m - an amulet of guardian spirit
 q - a ring of flight (right hand)
 r - an amulet of reflection
 C - an amulet of regeneration (around neck)
Scrolls
 e - a scroll of poison
 g - 3 scrolls of teleportation
 n - a scroll of enchant weapon {unknown}
 v - a scroll of vulnerability {unknown}
 x - a scroll of identify
 z - a scroll of amnesia {unknown}
 B - a scroll of magic mapping
Potions
 b - a potion of heal wounds {unknown}
 d - 3 potions of might
 i - 4 potions of brilliance {unknown}
 k - a potion of attraction {unknown}
 l - 2 potions of flight {unknown}
 p - 2 potions of cancellation {unknown}
 s - a potion of magic {unknown}
 t - a potion of invisibility {unknown}
 w - a potion of haste {unknown}


   Skills:
 * Level 8.5 Fighting
 * Level 7.9 Axes
 + Level 4.1 Throwing
 + Level 6.5 Armour
 + Level 6.4 Shields


You had 8 spell levels left.
You didn't know any spells.
Your spell library contained the following spells:

 Spells                   Type           Power      Damage    Failure   Level
 Freeze                   Ice            0%         1d3       100%        1
 Frozen Ramparts          Ice            0%         1d1       100%        3
 Gell's Gravitas          Tloc           0%         N/A       100%        3
 Hailstorm                Conj/Ice       0%         3d3       100%        3
 Teleport Other           Tloc           0%         N/A       100%        3
 Dispersal                Tloc           0%         N/A       100%        6


Dungeon Overview and Level Annotations

Branches:
Dungeon (7/15)             Temple (1/1) D:4

Altars:
Ashenzari
Cheibriados
Dithmenos
Elyvilon
Fedhas
Gozag
Hepliaklqana
Makhleb
Nemelex Xobeh
Qazlal
Ru
Sif Muna
Trog
Uskayaw
Wu Jian
Xom
Yredelemnul
Zin
The Shining One

Shops:
D:4 *   D:5 [

Annotations:
D:5 2 runed translucent doors, wormed's ghost, novice OpTm
D:6 1 runed translucent door, porpoise's ghost, novice GnWn


Innate Abilities, Weirdness & Mutations

You have a pair of horns on your head.
You reflexively headbutt those who attack you in melee.


Message History

The electric eel shoots out a bolt of lightning at you!
The bolt of electricity hits you!
The electric eel shoots out a bolt of lightning at you!
The bolt of electricity hits you!
The electric eel shoots out a bolt of lightning at you!
The bolt of electricity hits you.
The electric eel shoots out a bolt of lightning at you!
The bolt of electricity hits you!
The electric eel shoots out a bolt of lightning at you!
The bolt of electricity hits you!
You hit the electric eel.
You feel better.
You headbutt the electric eel!
You kill the electric eel!
The electric eel shoots out a bolt of lightning at you!
The bolt of electricity hits you!
The electric eel shoots out a bolt of lightning at you!
The bolt of electricity hits you!
You slash the electric eel!
The electric eel is heavily wounded.
The electric eel shoots out a bolt of lightning at you!
The bolt of electricity hits you!
* * * LOW HITPOINT WARNING * * *
You hit the electric eel.
The electric eel is severely wounded.
An electric eel comes into view.
You hit the electric eel but do no damage.
The electric eel is severely wounded.
The electric eel shoots out a bolt of lightning at you!
The bolt of electricity hits you.
* * * LOW HITPOINT WARNING * * *
You hit the electric eel.
You feel better.
Your headbutt misses the electric eel.
The electric eel is almost dead.
The electric eel shoots out a bolt of lightning at you!
The bolt of electricity hits you!
* * * LOW HITPOINT WARNING * * *
The bolt of electricity hits the electric eel.
The electric eel completely resists.
The electric eel shoots out a bolt of lightning at you!
The bolt of electricity hits you!
You die...

.....#...≈♣ ≈~≈
##......~≈♣♣♣≈~≈
##.......≈≈≈≈≈.≈≈≈≈
..)....#.~~~~~~.~.~ ~
.......#.≈≈≈≈≈~≈≈≈ ≈≈
####...#~≈♣♣♣≈.≈♣ ≈♣ .#
#....~≈♣ ♣≈~≈♣ ~≈♣
.####...~≈♣♣♣≈~≈♣♣♣≈.≈♣♣
..##...#~≈≈≈≈≈.S@≈≈≈.≈≈≈
.......#~...~~~~~.~.~~S~
#####...~≈≈≈≈≈~≈≈≈≈≈.≈≈≈
# #...~≈♣♣♣≈.≈♣♣♣≈.≈♣♣ #
#.##.~≈♣ ♣≈~≈♣ ≈~≈♣ #
..# #.~≈♣ ♣≈.≈♣ ~≈♣ #..
#.~≈≈ ≈≈~≈≈≈ ≈≈≈ ...
#..~.~.~~.~~~ .~. ..#
....####.####


You could see 2 electric eels.

Vanquished Creatures
  A steam dragon (D:4)
  An ice beast (D:5)
  An orc warrior (D:6)
  4 black bears
  A phantom (D:6)
  Blork the orc (D:4)
  2 bullfrogs (D:6)
  A necrophage (D:7)
  2 scorpions
  4 killer bees (D:7)
  An electric eel (D:7)
  4 hounds
  3 orc priests
  5 iguanas
  4 orc wizards
  Robin (D:3)
  9 adders
  2 shadow imps
  A white imp (D:7)
  2 ufetubi (D:6)
  2 worms
  4 dart slugs
  19 orcs
  9 ball pythons
  7 endoplasms
  A giant cockroach (D:1)
  17 goblins
  9 hobgoblins
  2 jackals (D:4)
  6 kobolds
  4 quokkas
  3 bats
  5 frilled lizards
  4 rats
142 creatures vanquished.

Vanquished Creatures (others)
  2 plants (D:7)
2 creatures vanquished.

Grand Total: 144 creatures vanquished

Notes
Turn   | Place    | Note
-------+----------+-------------------------------------------
     0 | D:1      | bmack86 the Minotaur Fighter began the quest for the Orb.
     0 | D:1      | Reached XP level 1. HP: 19/19 MP: 0/0
   265 | D:1      | Reached XP level 2. HP: 27/27 MP: 1/1
   305 | D:1      | Reached skill level 4 in Fighting
   933 | D:2      | Reached XP level 3. HP: 33/33 MP: 2/2
  1528 | D:3      | Reached XP level 4. HP: 41/41 MP: 3/3
  1608 | D:3      | Noticed Robin
  1617 | D:3      | Killed Robin
  1618 | D:3      | Reached skill level 1 in Throwing
  2282 | D:4      | Found a broken altar of Ashenzari.
  2306 | D:4      | Noticed a black bear
  2310 | D:4      | Noticed a scorpion
  2314 | D:4      | Reached XP level 5. HP: 42/47 MP: 2/4
  2323 | D:4      | Killed a black bear
  2324 | D:4      | Reached skill level 5 in Fighting
  2324 | D:4      | Reached XP level 6. HP: 22/56 MP: 2/5
  2450 | D:4      | Found Xuompuj's Antique Weapon Shoppe.
  2526 | D:4      | Found a staircase to the Ecumenical Temple.
  2543 | Temple   | Entered the Ecumenical Temple
  2857 | D:4      | Found Zuim Cetiw's Assorted Antiques.
  2883 | D:4      | Reached skill level 5 in Axes
  2883 | D:4      | Noticed Blork the orc
  2895 | D:4      | Killed Blork the orc
  3130 | D:4      | Noticed a steam dragon
  3139 | D:4      | Killed a steam dragon
  3140 | D:4      | Reached skill level 6 in Fighting
  3140 | D:4      | Reached skill level 5 in Armour
  3140 | D:4      | Reached XP level 7. HP: 63/63 MP: 6/6
  3359 | D:5      | Entered Level 5 of the Dungeon
  3457 | D:5      | Found an opulent altar of Gozag.
  3497 | D:5      | Reached skill level 5 in Shields
  3579 | D:5      | Found a runed translucent door.
  3580 | D:5      | Noticed wormed's ghost (novice OpTm)
  3645 | D:5      | Found Ihubae's Armour Shoppe.
  3654 | D:5      | Found an ornate altar of the Wu Jian Council.
  3832 | D:5      | Found a runed translucent door.
  4003 | D:5      | Found a bloodstained altar of Trog.
  4110 | D:5      | Reached skill level 7 in Fighting
  4110 | D:5      | Reached XP level 8. HP: 62/73 MP: 5/7
  4646 | D:6      | Reached skill level 8 in Fighting
  4743 | D:6      | Found a runed translucent door.
  4743 | D:6      | Noticed porpoise's ghost (novice GnWn)
  4970 | D:7      | Found a glowing golden altar of the Shining One.
  5038 | D:7      | Reached XP level 9. HP: 20/82 MP: 8/8
  5130 | D:7      | Killed from afar by an electric eel

Illustrated notes

Levels and vault maps discovered:
D:1:      dpeg_arrival_round_c, layout_basic
D:2:      layout_loops_ring, minmay_misc_feat_cross, dk_noncrumbling_4
D:3:      layout_loops_ring, uniq_robin
D:4:      layout_basic, cheibrodos_ashenzari_chains,
          minmay_temple_entry_glassed_door, serial_shops,
          nicolae_take_the_stairs, shop, kennysheep_generic_room_8,
          uniq_blork_the_orc
D:5:      cheibrodos_helix_gallery, layout_loops_ring, trog_ov_bears_minmay,
          mainiacjoe_overflow_tiny_flanked, grunt_gozag_breadcrumbs,
          serial_shops, shop, ebering_ghost_sewer_f
D:6:      layout_basic, gammafunk_ghost_grave, minivault_1,
          minmay_curled_crystal
D:7:      layout_layer_cave, okawaru_ov_weapons_minmay, tso_oasis_becter,
          grunt_ministairs_14, hangedman_decor_diamond_cutter, kennysheep_boxes,
          uniq_crazy_yiuf_cottage
Temple:   jpeg_temple_clearing

Skill      XL: |  1  2  3  4  5  6  7  8 |
---------------+-------------------------+-----
Fighting       | 4 5 6 7 8 |  8.5
Axes           | 3 4 5 6 7 |  7.9
Shields        | 4 5 6 |  6.4
Armour         | 4 5 6 |  6.5
Throwing       | 1 2 3 4 |  4.1

Action                   |  1- 3 |  4- 6 |  7- 9 || total
-------------------------+-------+-------+-------++-------
Melee: War axe           |    43 |   117 |   132 ||   292
       Headbutt          |     9 |    19 |    24 ||    52
Throw: Boomerang         |    31 |     7 |       ||    38
  Use: Scroll            |     4 |     3 |       ||     7
Armor: Scale mail        |    16 |       |       ||    16
       Chain mail        |     1 |    98 |    26 ||   125
       Plate armour      |       |       |    86 ||    86
Dodge: Dodged            |    20 |    45 |    47 ||   112
Block: Buckler           |     7 |    39 |    51 ||    97

Table legend: (Time is in decaauts)
 A = Elapsed time spent in this place.
 B = Non-inter-level travel time spent in this place.
 C = Inter-level travel time spent in this place.
 D = Time resting spent in this place.
 E = Time spent auto-exploring this place.
 F = Levels seen in this place.
 G = Mean time per level.
                   A        B        C        D        E       F      G
               +--------+--------+--------+--------+--------+-----+--------+
         Total |   5224 |   5030 |    194 |     69 |   3415 |   8 |  653.0 |
       Dungeon |   5117 |   4935 |    182 |     69 |   3333 |   7 |  731.0 |
        Temple |    107 |     95 |     12 |      0 |     82 |   1 |  107.0 |
               +--------+--------+--------+--------+--------+-----+--------+

Top non-repeatable levels by time:
     D:4: 1004 daAuts
     D:5: 862 daAuts
     D:1: 830 daAuts
     D:3: 781 daAuts
     D:2: 708 daAuts
     D:6: 566 daAuts
     D:7: 362 daAuts
  Temple: 107 daAuts
